 Dungeon Crawl Stone Soup version 0.29.1-2-gbd0b4ee654 (webtiles) character file.

Game seed: 2737731442413915177

203194 croobank the Warrior (level 18, -3/135 HPs)
             Began as an Octopode Summoner on Nov 13, 2022.
             Was an Initiate of Gozag.
             Killed from afar by an eleionoma (31 damage)
             ... with a spray of wooden splinters
             ... on level 1 of the Swamp.
             The game lasted 04:42:46 (59949 turns).

croobank the Warrior (Octopode Summoner)           Turns: 59949, Time: 04:42:47

Health: -3/135     AC:  3    Str:  9    XL:     18   Next: 60%
Magic:  0/52       EV: 19    Int: 36    God:    Gozag
Gold:   2192       SH:  0    Dex: 12    Spells: 0/41 levels left

rFire   + + .      SeeInvis .   q - +8 trident of the Octopus King {venom, rElec rPois}
rCold   + + +      Faith    .   (no shield)
rNeg    + . .      Spirit   +   O - +2 hat
rPois   +          Reflect  .   X - amulet of guardian spirit
rElec   +          Harm     .   k - ring of protection from cold
rCorr   +          Rampage  .   P - ring of positive energy
Will    +....                   M - ring of magical power
Stlth   +++.......              I - +6 ring of intelligence
HPRegen 0.32/turn               E - ring of protection from cold
MPRegen 0.33/turn               T - +6 ring of intelligence
                                p - ring of magical power
                                v - ring of protection from fire

@: mighty, brilliant, resistant, hasted, studying 2 skills, very quick
A: almost no armour, amphibious, 8 rings, camouflage 1, gelatinous body 1,
(nimble swimmer 1), tentacles
}: 1/15 runes: serpentine
a: Renounce Religion, Potion Petition, Call Merchant, Bribe Branch


You were on level 1 of the Swamp.
You worshipped Gozag.
Gozag was most pleased with you.
You visited 6 branches of the dungeon, and saw 29 of its levels.
You also visited: Ossuary and Bailey.

You collected 10959 gold pieces.
You spent 5011 gold pieces at shops.
You paid 3756 gold pieces to Gozag.

Inventory:

Hand Weapons
 m - a +0 morningstar of holy wrath
 q - the +8 trident of the Octopus King (weapon) {venom, rElec rPois}
   (You found it on level 5 of the Lair of Beasts)

   It poisons the flesh of those it strikes.
   rElec:     It insulates you from electricity.
   rPois:     It protects you from poison.
 y - a +3 scimitar of flaming
 H - the +6 trident "Fusacadgh" {protect, Will+}
   (You found it on level 9 of the Dungeon)

   It grants its wielder temporary protection when it strikes (+7 to AC).
   Will:      It increases your willpower.
 L - a +6 broad axe of flaming
 U - a +3 mace of holy wrath
Missiles
 o - 4 silver javelins
 z - 4 curare-tipped darts
 C - 3 throwing nets
Armour
 O - a +2 hat (worn)
Jewellery
 k - a ring of protection from cold (left tentacle)
 n - a ring of protection from cold
 p - a ring of magical power (on tentacle)
 v - a ring of protection from fire (on tentacle)
 E - a ring of protection from cold (on tentacle)
 I - a +6 ring of intelligence (on tentacle)
 M - a ring of magical power (on tentacle)
 P - a ring of positive energy (right tentacle)
 T - a +6 ring of intelligence (on tentacle)
 V - a ring of wizardry
 X - an amulet of guardian spirit (around mantle)
 Y - a ring of flight
Wands
 h - a wand of paralysis (20)
 l - a wand of flame (52)
 s - a wand of digging (13)
 t - a wand of iceblast (13)
 A - a wand of mindburst (30)
Scrolls
 a - 5 scrolls of immolation
 b - 11 scrolls of vulnerability
 e - 12 scrolls of teleportation
 w - a scroll of amnesia
 D - 2 scrolls of fear
 G - 2 scrolls of magic mapping
 N - a scroll of summoning
 S - 4 scrolls of silence
Potions
 c - 12 potions of brilliance
 d - a potion of magic
 f - 2 potions of haste
 i - 6 potions of lignification
 j - 11 potions of mutation
 r - 7 potions of curing
 u - 4 potions of flight
 F - 3 potions of attraction
 J - 2 potions of cancellation
 K - 2 potions of might
 W - 3 potions of resistance
 Z - 4 potions of invisibility
Miscellaneous
 x - a phantom mirror
 B - a condenser vane
 R - a lightning rod (4/4)


   Skills:
 + Level 15.9 Fighting
 * Level 15.1 Dodging
 - Level 2.6 Stealth
 - Level 9.3 Unarmed Combat
 + Level 12.4 Spellcasting
 - Level 7.0 Hexes
 - Level 15.0 Summonings
 + Level 11.5 Translocations
 + Level 6.2 Transmutations
 + Level 9.4 Air Magic


You couldn't memorise any spells.
You knew the following spells:

 Your Spells              Type           Power      Damage    Failure   Level
a - Summon Small Mammal   Summ           100%       N/A       0%          1
b - Summon Forest         Summ/Tloc      54%        N/A       1%          5
c - Call Canine Familiar  Summ           100%       N/A       0%          3
d - Summon Guardian Gole  Hex/Summ       100%       N/A       1%          3
e - Summon Lightning Spi  Summ/Air       100%       N/A       1%          4
f - Summon Mana Viper     Hex/Summ       100%       N/A       1%          5
g - Summon Cactus Giant   Summ           57%        N/A       1%          6
h - Blink                 Tloc           100%       N/A       1%          2
i - Swiftness             Air            94%        N/A       1%          3
j - Storm Form            Tmut/Air       43%        N/A       52%         7
k - Ensorcelled Hibernat  Hex/Ice        100%       N/A       1%          2

Your spell library contained the following spells:

 Spells                   Type           Power      Damage    Failure   Level
 Apportation              Tloc           100%       N/A       0%          1
 Call Imp                 Summ           100%       N/A       0%          2
 Foxfire                  Conj/Fire      100%       2x1d9     1%          1
 Freeze                   Ice            100%       1d11      1%          1
 Magic Dart               Conj           100%       1d8       1%          1
 Shock                    Conj/Air       100%       1d9       1%          1
 Wereblood                Tmut           79%        N/A       1%          2
 Inner Flame              Hex/Fire       64%        N/A       1%          3
 Portal Projectile        Hex/Tloc       100%       N/A       1%          3
 Spider Form              Tmut/Pois      61%        N/A       1%          3
 Tukima's Dance           Hex            83%        N/A       1%          3
 Airstrike                Air            47%        2d(7-23)  1%          4
 Passage of Golubria      Tloc           100%       N/A       1%          4
 Manifold Assault         Tloc           100%       N/A       1%          5
 Searing Ray              Conj           66%        2d6       2%          2
 Sublimation of Blood     Necr           33%        N/A       2%          2
 Blade Hands              Tmut           39%        N/A       3%          5
 Yara's Violent Unravell  Hex/Tmut       40%        3d16      3%          5
 Summon Hydra             Summ           57%        N/A       3%          7
 Anguish                  Hex/Necr       32%        N/A       4%          4
 Fulminant Prism          Conj/Hex       32%        3d16      4%          4
 Leda's Liquefaction      Hex/Erth       32%        N/A       4%          4
 Conjure Flame            Conj/Fire      33%        6-21      5%          3
 Frozen Ramparts          Ice            66%        1d10      5%          3
 Ozocubu's Armour         Ice            33%        N/A       5%          3
 Stone Arrow              Conj/Erth      66%        3d11      5%          3
 Lightning Bolt           Conj/Air       35%        1d53      8%          5
 Alistair's Intoxication  Tmut/Pois      40%        N/A       14%         5
 Irradiate                Conj/Tmut      30%        3d21      14%         5
 Dispel Undead            Necr           33%        3d14      19%         4
 Flame Wave               Conj/Fire      33%        2d10      19%         4
 Hailstorm                Conj/Ice       33%        3d8       19%         4
 Eringya's Noxious Bog    Tmut/Pois      30%        N/A       61%         6
 Dragon Form              Tmut           39%        N/A       75%         7
 Death Channel            Necr           16%        N/A       95%         6
 Iron Shot                Conj/Erth      16%        9d4       95%         6
 Ozocubu's Refrigeration  Ice            16%        4d11      100%        7
 Corpse Rot               Necr/Pois/Air  Unusable   N/A       N/A         4

Dungeon Overview and Level Annotations

Branches:
Dungeon (15/15)            Temple (1/1) D:5            Lair (5/5) D:11
  Swamp (2/4) Lair:3        Snake (4/4) Lair:3        Slime (0/5) Lair:5
    Orc (2/2) D:10            Elf (0/3) Orc:2        Vaults (0/5) D:14
 Depths (0/4) D:15        Ossuary (visited)          Bailey (visited)

Altars:
Ashenzari
Cheibriados
Dithmenos
Elyvilon
Fedhas
Gozag
Hepliaklqana
Kikubaaqudgha
Makhleb
Nemelex Xobeh
Okawaru
Qazlal
Ru
Sif Muna
Trog
Uskayaw
Vehumet
Wu Jian
Xom
Yredelemnul
Zin
The Shining One

Shops:
D:9 :[   D:11 :*?   Orc:2 ?*((:   Snake:3 :

Annotations:
D:15 3 runed translucent doors, Jussuw Iff's ghost, adept KoGl
Lair:2 2 transporters, BuzzyBeetle's ghost, novice DgCj


Innate Abilities, Weirdness & Mutations

You cannot wear most types of armour.
You are amphibious.
You can wear up to eight rings at the same time.
Your skin changes colour to match your surroundings (Stealth+).
Your rubbery body absorbs attacks. (AC +1, EV +1)
((You are camouflaged when in or above water. (Stealth+)))
You have tentacles for arms and can constrict up to eight enemies at once.


Message History

You escape the roots grasp.
Your dryad calls out to the forest.
Vines fly forth from the trees!
The eleionoma hits you!
* * * LOW HITPOINT WARNING * * *
You climb upwards.
There is a stone staircase leading down here. [a] - 728 gold - invisibility, might, haste and brilliance [b] - 290 gold - heal wounds and berserk rage [c] - 368 gold - heal wounds, curing, might and brilliance Purchase which effect?
You no longer have enough gold to bribe branches to halt enemies' attacks and recruit allies.
You feel much better.
You feel better.
You feel very mighty all of a sudden.
You feel clever all of a sudden.
The eleionoma hurls a spray of splinters at you.
The spray of wooden splinters hits you!!!
* * * LOW HITPOINT WARNING * * *
You can only summon one forest at a time.
You can only summon one forest at a time.
Okay, then.
Okay, then.
Okay, then.
Okay, then.
Casting: Summon Forest (mildly dangerous; 1% risk of failure)
Confirm with . or Enter, or press ? or * to list all spells.
You feel a surge of power!
You blink.
The eleionoma flows through the trees.
Casting: Blink (safe; 1% risk of failure)
Confirm with . or Enter, or press ? or * to list all spells.
You feel a surge of power!
A mana viper appears with a sibilant hiss. [a] - 552 gold - resistance, might and haste [b] - 253 gold - curing and magic [c] - 486 gold - might, brilliance and haste Purchase which effect?
You feel protected.
You feel mightier all of a sudden.
You feel yourself speed up.
Space becomes stable.
The eleionoma hurls a spray of splinters at you.
The spray of wooden splinters hits you!!
You die...
Your body crumbles into a pile of gold.

♣♣...#♣♣ ♣♣♣...#.♣ ♣♣♣♣♣
♣♣♣♣♣♣♣♣..####.♣♣♣~...
♣~.~#♣.>§~.....~~..~~~ ♣♣♣♣♣♣
♣..~~..~~~§§~..~~..~~~
♣♣.♣..♣♣♣♣♣...♣..#~~......~...~
♣...~~~♣♣~♣♣♣#..~~§.♣♣.....~~..
♣♣..~.♣♣...~♣#RS.~..♣~~~~...~~.
♣♣..~~...§...#@....~♣~~~~...§~~
♣~..~.~......#...#...~...~~~~~.
♣♣.♣♣.....♣♣.#........§♣.~~§~..
♣♣♣§~..~♣♣♣.#####..§.♣♣.~~~.♣♣
♣......~♣♣....♣♣♣>§.♣.~~~..~.
♣♣.....♣♣♣~..♣♣ ♣~§~♣.~~~.§~~
♣♣~..♣♣♣♣♣~♣♣♣ ♣♣♣♣♣.~~~....
♣...~.~♣..~~♣ ♣.~~~~~.~.
♣♣.......~§.♣♣♣ ♣.~~~~~~~~


You could see an eleionoma (ally target) and a friendly mana viper (summoned).

Vanquished Creatures
  Jorgrun (D:15)
  A thorn hunter (Swamp:1)
  2 hydras
  A merfolk avatar (Lair:5)
  2 alligators (Swamp:1)
  An anaconda (Snake:1)
  2 death yaks
  A tengu warrior (D:15)
  A mana viper (Snake:1)
  A deep elf pyromancer (D:15)
  An orc sorcerer (Orc:1)
  A manticore (Lair:4)
  2 nameless horrors
  2 black mambas (Lair:3)
  A guardian serpent (Snake:2)
  A cane toad (Lair:2)
  A rime drake (Lair:5)
  A kobold demonologist (Bailey)
  2 komodo dragons
  5 slime creatures
  8 blink frogs
  A wyvern (Lair:5)
  A ynoxinul (D:10)
  4 yaks
  A wraith (D:13)
  A steam dragon (D:9)
  A vampire mosquito (Swamp:2)
  A naga (Snake:3)
  A swamp worm (Swamp:1)
  A water moccasin (Lair:2)
  2 orc warriors (Orc:2)
  An ogre (Orc:1)
  10 wolves
  2 centaurs
  A bullfrog (Lair:1)
  A wight (D:9)
  3 killer bees
  10 electric eels
  2 howler monkeys
  A hound (D:6)
  A human zombie (D:5)
  3 orc priests
  Natasha (D:4)
  2 iguanas
  5 orc wizards
  7 hell rats
  5 gnolls
  2 shadow imps
  An ufetubus (D:4)
  4 adder zombies (Ossuary)
  A dart slug (D:4)
  14 orcs
  2 ball pythons
  A bat zombie (D:3)
  2 endoplasms
  A giant cockroach (D:1)
  7 goblins
  4 hobgoblins
  A quokka (D:2)
  2 bats
  3 frilled lizards
  A gnoll zombie (Ossuary)
  A hobgoblin zombie (Ossuary)
  12 kobolds
  A kobold zombie (Ossuary)
  A rat (D:3)
168 creatures vanquished.

Vanquished Creatures (collateral kills)
  Vashnia (Snake:4)
  Nikola (Snake:4)
  Rupert (D:14)
  Kirke (Lair:4)
  A thorn hunter (Swamp:1)
  Frances (D:14)
  8 nagarajas
  A frost giant (D:15)
  Aizul (Snake:4)
  2 eleionomae
  Azrael (D:15)
  A bunyip (Swamp:1)
  Josephine (D:13)
  An ice dragon (D:15)
  The ghost of miserystealer the Thaumaturge, a journeyman MeEE of Sif Muna (D:10)
  6 boulder beetles
  4 vault guards (D:14)
  6 anacondas
  A ghost crab (Swamp:1)
  8 hydras
  A salamander tyrant (Snake:3)
  A catoblepas (Lair:5)
  6 two-headed ogres
  13 naga warriors
  5 centaur warriors
  The ghost of jamesblauser the Fighter, a novice MiBe of Trog (Lair:1)
  18 naga sharpshooters
  3 tengu warriors (D:15)
  10 death yaks
  3 shock serpents
  4 salamander mystics
  2 goliath frogs
  4 sea snakes
  A spriggan druid (Swamp:1)
  3 swamp dragons (Swamp:1)
  4 naga ritualists
  An obsidian statue (D:9)
  4 orc knights
  4 bog bodies
  4 deep elf pyromancers
  13 ugly things
  6 mana vipers
  2 cyclopes
  A wolf spider (D:14)
  4 orc sorcerers
  4 manticores
  13 salamanders
  2 guardian serpents (Snake:4)
  29 black mambas
  A torpor snail (Lair:4)
  18 naga magi
  5 gargoyles
  A rime drake (Lair:3)
  8 cane toads
  A freezing wraith (D:15)
  3 kobold demonologists
  2 efreet
  14 komodo dragons
  A tengu conjurer (D:15)
  2 wind drakes (Lair:5)
  2 trolls
  2 tyrant leeches (Swamp:1)
  4 nameless horrors
  A meliai (D:15)
  3 hornets
  20 blink frogs
  12 slime creatures
  2 snapping turtles (Lair:5)
  A centaur simulacrum (D:14)
  5 shadows
  2 wyverns
  A vampire (D:13)
  3 spriggans
  2 fire elementals (D:15)
  27 yaks
  8 wraiths
  4 basilisks
  A hog (Lair:4)
  6 vampire mosquitoes
  2 steam dragons
  66 nagas
  4 swamp worms (Swamp:1)
  An acid dragon (D:9)
  A swamp drake (D:11)
  Duvessa (D:7)
  5 hell hounds (D:15)
  10 water moccasins
  32 orc warriors
  An ice beast (shapeshifter) (D:15)
  A sky beast (D:6)
  3 black bears
  6 ogres
  3 wolves
  9 centaurs
  4 kobold brigands
  4 bullfrogs
  3 water moccasin zombies (Ossuary)
  A gnoll sergeant (D:9)
  A necrophage (D:7)
  A scorpion (Lair:1)
  3 wights (D:9)
  Dowan (D:7)
  11 killer bees
  2 howler monkeys
  3 hounds (D:6)
  A quasit (D:8)
  14 orc priests
  A jelly (D:6)
  Crazy Yiuf (D:6)
  Jessica (D:2)
  2 hell rats (Lair:4)
  21 orc wizards
  Natasha (twice) (D:4)
  2 mummies (Ossuary)
  Robin (D:4)
  7 gnolls
  9 adders
  3 shadow imps
  2 white imps
  An adder zombie (Ossuary)
  A worm (D:5)
  73 orcs
  6 bats
  9 endoplasms
  A giant cockroach (D:2)
  16 goblins
  9 hobgoblins
  2 quokkas
  6 ball pythons
  5 frilled lizards
  3 gnoll zombies (Ossuary)
  3 hobgoblin zombies (Ossuary)
  14 kobolds
  4 kobold zombies (Ossuary)
  7 orc zombies (Ossuary)
  5 rats
  A spectral hobgoblin (D:15)
  6 briar patches (Swamp:1)
794 creatures vanquished.

Vanquished Creatures (others)
  A nagaraja (Snake:4)
  An alligator (Swamp:2)
  The ghost of xian the Trooper, a novice NaAK of Lugonu (D:6)
  Pikel (D:4)
  2 orc knights (Bailey)
  The ghost of nshep25 the Chopper, a novice MiFi (D:5)
  A komodo dragon (D:11)
  2 trolls
  2 meliai (D:15)
  A bloated husk (Swamp:2)
  A human (Lair:4)
  13 yaks
  A steam dragon (D:8)
  2 nagas
  Edmund (D:4)
  A water moccasin (D:6)
  7 orc warriors (Bailey)
  3 black bears
  An ice beast (D:5)
  A centaur (D:5)
  A lemure (D:4)
  A kobold brigand (D:6)
  A scorpion (D:5)
  A gnoll sergeant (D:6)
  3 wights (D:6)
  2 water moccasin zombies (Ossuary)
  2 killer bees (D:10)
  An orc priest (D:5)
  2 orc wizards (D:5)
  7 gnolls
  An adder (D:5)
  An orc (D:5)
  2 gnoll zombies (Ossuary)
  A goblin (Bailey)
  A quokka (D:10)
  A kobold (D:6)
  A briar patch (Swamp:1)
  3 demonic plants (D:8)
  69 fungi
  80 plants
  11 snaplasher vines
236 creatures vanquished.

Grand Total: 1198 creatures vanquished

Notes
Turn   | Place    | Note
-------+----------+-------------------------------------------
     0 | D:1      | croobank the Octopode Summoner began the quest for the Orb.
     0 | D:1      | Reached XP level 1. HP: 11/11 MP: 3/3
   442 | D:1      | Reached XP level 2. HP: 10/18 MP: 0/5
   445 | D:1      | Learned a level 2 spell: Call Imp
  1093 | D:1      | Reached XP level 3. HP: 16/22 MP: 6/6
  1097 | D:1      | Learned a level 3 spell: Call Canine Familiar
  1282 | D:1      | Reached skill level 1 in Unarmed Combat
  1396 | D:1      | Found a faded altar of an unknown god.
  1442 | D:1      | Reached skill level 1 in Fighting
  1908 | D:2      | Noticed Jessica
  1917 | D:2      | Killed Jessica
  1918 | D:2      | Reached XP level 4. HP: 28/28 MP: 2/7
  2833 | D:3      | Reached XP level 5. HP: 34/34 MP: 2/9
  2837 | D:3      | Learned a level 3 spell: Summon Guardian Golem
  3751 | D:3      | Found an ancient bone altar of Kikubaaqudgha.
  3839 | D:4      | Noticed a black bear
  3856 | D:4      | Killed a black bear
  3857 | D:4      | Reached skill level 1 in Hexes
  3857 | D:4      | Reached XP level 6. HP: 39/39 MP: 1/10
  4037 | D:4      | Noticed Robin
  4100 | D:4      | Killed Robin
  4391 | D:4      | Noticed Pikel
  4425 | D:4      | Killed Pikel
  4426 | D:4      | Reached skill level 5 in Summonings
  4426 | D:4      | Reached XP level 7. HP: 12/46 MP: 1/12
  4672 | D:4      | Noticed Natasha
  4700 | D:4      | Killed Natasha
  4764 | D:4      | Found a large runed translucent door.
  4765 | D:4      | Found a large runed translucent door.
  4798 | D:4      | Noticed Edmund
  4826 | D:4      | Killed Edmund
  4827 | D:4      | Reached XP level 8. HP: 52/52 MP: 6/13
  4900 | D:4      | Found a stormy altar of Qazlal.
  5154 | D:4      | Noticed Natasha
  5167 | D:4      | Killed Natasha
  5255 | D:4      | Found a radiant altar of Vehumet.
  5651 | D:4      | Noticed Natasha
  5657 | D:4      | Killed Natasha
  5878 | D:4      | Found a glowing silver altar of Zin.
  5881 | D:4      | Found a shadowy altar of Dithmenos.
  5921 | D:5      | Entered Level 5 of the Dungeon
  5921 | D:5      | Found a sand-covered staircase.
  5978 | Ossuary  | Entered an ossuary
  6607 | D:5      | Found a staircase to the Ecumenical Temple.
  6616 | Temple   | Entered the Ecumenical Temple
  6740 | D:5      | Reached XP level 9. HP: 59/59 MP: 5/16
  6849 | D:5      | Learned a level 4 spell: Summon Lightning Spire
  6853 | D:5      | Found a runed translucent gate.
  6853 | D:5      | Found a runed translucent gate.
  6870 | D:5      | Found a runed translucent gate.
  6912 | D:5      | Reached skill level 5 in Dodging
  6990 | D:5      | Reached skill level 1 in Air Magic
  7251 | D:5      | Noticed nshep25's ghost (novice MiFi)
  7280 | D:5      | Killed nshep25's ghost
  7281 | D:5      | Reached skill level 5 in Unarmed Combat
  7281 | D:5      | Reached skill level 5 in Spellcasting
  7564 | D:5      | Found a basalt altar of Yredelemnul.
  7566 | D:5      | Noticed a profane servitor
  7637 | D:5      | Found a glowing golden altar of the Shining One.
  7639 | D:5      | Noticed an angel
  7683 | D:5      | Found a hazy altar of Hepliaklqana.
  7683 | D:5      | Found a snail-covered altar of Cheibriados.
  7830 | D:6      | Found a broken altar of Ashenzari.
  8064 | D:6      | Reached skill level 5 in Fighting
  8733 | D:6      | Found a runed translucent gate.
  8733 | D:6      | Found a runed translucent gate.
  8734 | D:6      | Found a runed translucent gate.
  8735 | D:6      | Noticed xian's ghost (novice NaAK)
  8781 | D:6      | Killed xian's ghost
  8782 | D:6      | Reached skill level 5 in Hexes
  8782 | D:6      | Reached XP level 10. HP: 13/66 MP: 1/18
  9512 | D:6      | Found a sparkling altar of Nemelex Xobeh.
  9513 | D:6      | Found a shimmering blue altar of Sif Muna.
  9899 | D:6      | Found a runed translucent door.
  9900 | D:6      | Noticed Crazy Yiuf
 10535 | D:7      | Noticed Dowan
 10536 | D:7      | Noticed Duvessa
 10561 | D:7      | Killed Duvessa
 10569 | D:7      | Killed Dowan
 11028 | D:7      | Found an ornate altar of the Wu Jian Council.
 12829 | D:8      | Reached XP level 11. HP: 73/73 MP: 13/20
 13882 | D:8      | Found an iron altar of Okawaru.
 14155 | D:9      | Found Imoabyiv's Armour Shoppe.
 14376 | D:9      | Found Qeudi's Book Shop.
 14416 | D:9      | Found a blossoming altar of Fedhas.
 14474 | D:9      | Found an opulent altar of Gozag.
 14483 | D:9      | Became a worshipper of Gozag Ym Sagoz the Greedy
 14562 | D:9      | Identified the +6 trident "Fusacadgh" {protect, Will+}
 14733 | D:9      | Noticed an obsidian statue
 15306 | D:9      | Reached skill level 5 in Air Magic
 15372 | D:9      | Found a burning altar of Makhleb.
 15641 | D:10     | Entered Level 10 of the Dungeon
 15650 | D:10     | Found a flagged portal.
 15656 | D:10     | Noticed miserystealer's ghost (journeyman MeEE)
 15666 | Bailey   | Entered a bailey
 15694 | Bailey   | Noticed an orc knight
 15711 | Bailey   | Killed an orc knight
 15852 | Bailey   | Noticed an orc knight
 15861 | Bailey   | Killed an orc knight
 16020 | Bailey   | Noticed an orc knight
 16031 | Bailey   | Killed an orc knight
 16350 | Bailey   | Noticed an orc sorcerer
 16353 | Bailey   | Noticed a soul eater
 16358 | Bailey   | Killed an orc sorcerer
 16684 | Bailey   | Found an iron altar of Okawaru.
 17079 | D:10     | Found a runed translucent door.
 18086 | D:10     | Found a staircase to the Orcish Mines.
 18128 | D:10     | Found a sacrificial altar of Ru.
 18180 | D:10     | Found a white marble altar of Elyvilon.
 18252 | D:10     | Found a shimmering altar of Xom.
 18290 | D:10     | Reached XP level 12. HP: 45/81 MP: 19/23
 18310 | D:10     | Noticed a two-headed ogre
 18326 | D:10     | Killed a two-headed ogre
 18583 | D:10     | Found a bloodstained altar of Trog.
 18742 | D:9      | Bought a book of the Wilderness for 494 gold pieces
 18748 | D:9      | Learned a level 5 spell: Summon Mana Viper
 18805 | D:11     | Found Ziluthran's Book Boutique.
 18814 | D:11     | Bought an Inescapable Atlas for 408 gold pieces
 18862 | D:11     | Found a stormy altar of Qazlal.
 19256 | D:11     | Found Facyhiho's Magic Scroll Emporium.
 19261 | D:11     | Bought a scroll of fear for 60 gold pieces
 19784 | D:11     | Found Puniten's Assorted Antiques.
 19789 | D:11     | Bought a potion of heal wounds for 150 gold pieces
 19789 | D:11     | Bought a glowing blue potion for 27 gold pieces
 20255 | D:11     | Reached skill level 10 in Summonings
 20255 | D:11     | Reached XP level 13. HP: 88/88 MP: 23/25
 20417 | D:12     | Learned a level 6 spell: Summon Cactus Giant
 23094 | D:13     | Acquired Great Wizards, Vol. VII
 23096 | D:13     | Acquired 688 gold pieces
 23267 | D:13     | Noticed Josephine
 23272 | D:13     | Killed Josephine
 23694 | D:13     | HP: 1/90 [poisoned by an orange demon]
 24433 | D:12     | Reached XP level 14. HP: 65/95 MP: 24/27
 25391 | D:13     | Found a glowing golden altar of the Shining One.
 25668 | D:11     | Found a staircase to the Lair.
 25954 | Lair:1   | Entered Level 1 of the Lair of Beasts
 26498 | Lair:1   | Found a large runed translucent door.
 26499 | Lair:1   | Found a large runed translucent door.
 27267 | Lair:1   | Noticed jamesblauser's ghost (novice MiBe)
 28267 | Lair:2   | Reached skill level 10 in Spellcasting
 28565 | Lair:2   | Found a transporter.
 28571 | Lair:2   | Found a transporter.
 28571 | Lair:2   | Noticed BuzzyBeetle's ghost (novice DgCj)
 28596 | Lair:2   | Learned a level 2 spell: Blink
 28600 | Lair:2   | Learned a level 3 spell: Swiftness
 28604 | Lair:2   | Learned a level 3 spell: Tukima's Dance
 28680 | Lair:2   | Reached skill level 10 in Dodging
 29862 | Lair:3   | Reached skill level 10 in Fighting
 29882 | Lair:3   | HP: 4/99 [komodo dragon (27)]
 30597 | Lair:3   | Found a staircase to the Snake Pit.
 30680 | Lair:3   | Found a staircase to the Swamp.
 32418 | Lair:4   | Noticed Kirke
 32431 | Lair:4   | Killed Kirke
 32932 | Lair:5   | Entered Level 5 of the Lair of Beasts
 32991 | Lair:4   | Reached XP level 15. HP: 44/105 MP: 26/29
 33262 | Lair:4   | Learned a level 2 spell: Ensorcelled Hibernation
 35222 | Lair:5   | Found the +8 trident of the Octopus King {venom, rElec
                  | rPois}
 35614 | Lair:5   | Found a staircase to the Slime Pits.
 36335 | D:11     | Bought a scroll of immolation for 60 gold pieces
 36335 | D:11     | Bought a scroll of immolation for 60 gold pieces
 36335 | D:11     | Bought 2 scrolls of enchant weapon for 225 gold pieces
 36335 | D:11     | Bought a scroll of immolation for 60 gold pieces
 36335 | D:11     | Bought a scroll of fear for 60 gold pieces
 37386 | Orc:1    | Entered Level 1 of the Orcish Mines
 37538 | Orc:1    | Paralysed by an orc sorcerer for 4 turns
 38153 | Orc:2    | Entered Level 2 of the Orcish Mines
 38322 | Orc:2    | Found Koannock's Self-Improvement Boutique.
 39361 | Orc:2    | Bought a manual of Fighting for 1280 gold pieces
 39361 | Orc:2    | Bought a manual of Translocations for 1280 gold pieces
 39989 | Orc:2    | Found a staircase to the Elven Halls.
 40228 | Orc:2    | Found Woguku Nawk's Magic Scroll Emporium.
 40234 | Orc:2    | Found Manwul's Weapon Shop.
 40278 | Orc:2    | Found Fybyiweta's Antique Weapon Boutique.
 40278 | Orc:2    | Found Arapurgh's General Store.
 40287 | Orc:2    | Bought a potion of heal wounds for 80 gold pieces
 40287 | Orc:2    | Bought a ring of fire for 400 gold pieces
 40291 | Orc:2    | Bought a scroll of blinking for 127 gold pieces
 40706 | Snake:1  | Entered Level 1 of the Snake Pit
 41174 | Snake:1  | Reached skill level 5 in Translocations
 41899 | Snake:1  | Reached XP level 16. HP: 116/116 MP: 30/30
 41962 | Snake:1  | Reached skill level 1 in Transmutations
 44244 | Snake:2  | Noticed a nagaraja
 44256 | Snake:2  | Killed a nagaraja
 44558 | Snake:2  | Noticed a nagaraja
 44604 | Snake:2  | Killed a nagaraja
 46267 | Snake:3  | Learned a level 5 spell: Summon Forest
 46513 | Snake:3  | Found a hide-covered altar of Uskayaw.
 46711 | Snake:3  | Found Esan's Book Boutique.
 47718 | Snake:4  | Entered Level 4 of the Snake Pit
 48614 | Snake:3  | Bought a book of Party Tricks for 240 gold pieces
 48623 | Snake:4  | Noticed Vashnia
 48636 | Snake:4  | HP: 1/178 [Vashnia/arrow (21)]
 48638 | Snake:4  | Reached XP level 17. HP: 1/125 MP: 0/32
 48638 | Snake:4  | Killed Vashnia
 50843 | Snake:4  | Noticed Aizul
 50856 | Snake:4  | Killed Aizul
 51269 | Snake:4  | Noticed Nikola
 51688 | Snake:4  | Killed Nikola
 51689 | Snake:4  | Reached skill level 15 in Fighting
 52747 | Snake:4  | Got a serpentine rune of Zot
 53336 | D:14     | Found an ornate altar of the Wu Jian Council.
 53386 | D:14     | Noticed Rupert
 53403 | D:14     | Killed Rupert
 53480 | D:14     | Found a gate to the Vaults.
 53499 | D:14     | Reached skill level 10 in Translocations
 53868 | D:14     | Identified the +4 ring mail of Duqalife {rF+ Regen+ Str-4}
 54097 | D:14     | Noticed Frances
 54105 | D:14     | Killed Frances
 54106 | D:14     | Reached skill level 5 in Transmutations
 54713 | D:15     | Entered Level 15 of the Dungeon
 54778 | D:15     | Reached XP level 18. HP: 109/134 MP: 5/34
 55164 | D:15     | Noticed Azrael
 55174 | D:15     | Killed Azrael
 55616 | D:15     | Found a runed translucent gate.
 55616 | D:15     | Found a runed translucent gate.
 55619 | D:15     | Found a runed translucent gate.
 55619 | D:15     | Noticed Jussuw Iff's ghost (adept KoGl)
 55926 | D:15     | Found a hazy altar of Hepliaklqana.
 56096 | D:15     | Noticed Jorgrun
 56108 | D:15     | Killed Jorgrun
 56317 | D:15     | Found a staircase to the Depths.
 57127 | D:15     | Learned a level 7 spell: Storm Form
 57402 | D:6      | Killed Crazy Yiuf
 57622 | D:10     | Killed miserystealer's ghost
 57638 | D:10     | Got Sif Muna's Directory of the Quarry
 57812 | Lair:1   | Killed jamesblauser's ghost
 58070 | Swamp:1  | Entered Level 1 of the Swamp
 58699 | Swamp:1  | Identified the +8 chain mail of Dorideh {rC- Int+8}
 59352 | Swamp:1  | Reached skill level 15 in Dodging
 59825 | Swamp:1  | Reached skill level 15 in Summonings
 59949 | Swamp:1  | Killed from afar by an eleionoma

Illustrated notes

Levels and vault maps discovered:
D:1:      dpeg_arrival_rooms_with_view, layout_loops_corners,
          basic_ecumenical_altar, item_on_display_a
D:2:      layout_basic, uniq_jessica
D:3:      layout_rooms, lemuel_zombie_altar_kikubaaqudgha, kennysheep_path_1
D:4:      layout_loops_ring, lemuel_round_altar, lemuel_round_altar,
          jmf_multi_god_temple2, grunt_ministairs_11,
          chequers_serial_rivers_small_a, uniq_pikel, uniq_robin, uniq_natasha,
          uniq_edmund
D:5:      layout_rooms, grunt_temple_overflow_holy_war,
          amethyst_overflow_temple_binary, minmay_temple_entry_poolview,
          ebering_ghost_rock_garden, enter_ossuary_3, minivault_25
D:6:      layout_loops_ring, mainiacjoe_overflow_catwalk, minitemple,
          ebering_ghost_rock_garden, uniq_crazy_yiuf_cottage
D:7:      layout_layer_cave, marbit_many_paths, st_stairs_1,
          minmay_misc_feat_five, uniq_duvessa
D:8:      layout_loops_ring, okawaru_metal_pillars_3, serial_demonic,
          serial_demonic_g, serial_demonic_a, serial_demonic_e,
          serial_demonic_a, eino_jars
D:9:      layout_basic, nicolae_gozag_seed_capital, lightli_temple_of_fire,
          nicolae_overflow_crystal_walls, serial_shops,
          nicolae_shop_window_shopping, nicolae_square_shop,
          chequers_serial_rivers_room_a, minivault_16
D:10:     layout_basic, mainiacjoe_overflow_tiny_flanked, kennysheep_mini_moat,
          mainiacjoe_overflow_alcove_4, elyvilon_altar_4, david_orc_3,
          enter_bailey_2, hellmonk_ghost_big_iron, chequers_serial_rivers_room_a
D:11:     layout_basic, erik_lair_dragon, serial_shops,
          nicolae_shop_hallway_plus, kennysheep_little_box, shop_fountains,
          minmay_crystal_water, minivault_19, grunt_qazlal_sundering
D:12:     layout_cave_pools
D:13:     layout_roguey, nicolae_tso_swordbearing_angel, uniq_josephine
D:14:     layout_gridville, lightli_vaults_fourway_checkpoint,
          nzn_wu_jian_council_hall, uniq_frances, uniq_rupert
D:15:     grunt_enter_depths_snipers, layout_stronghold,
          gammafunk_ghost_spectres, portal_ice_cave_entry_dragon,
          nicolae_hepliaklqana_monster_ancestors, uniq_jorgrun, uniq_azrael
Temple:   ebering_the_one_and_only
Lair:1:   layout_long_grid, serial_bayou, serial_bayou_pond_d,
          serial_bayou_pond_d, serial_bayou_pond_d, serial_bayou_pond_d,
          ebering_ghost_disaster_area, st_stairs_4
Lair:2:   layout_hall_layers, gammafunk_ghost_hive
Lair:3:   layout_roguey, skrybe_swamp_entry_bodies,
          minmay_snake_entry_six_corridors, dreamdust_mushroom_princess,
          lemuel_fruit_fields
Lair:4:   layout_regular_city, uniq_kirke
Lair:5:   gammafunk_lair_ancient_temple, layout_gridlike, slime_entry_1
Swamp:1:  layout_basic_swamp, evilmike_swamp_ruin_house_6,
          infiniplex_staircase_pool
Swamp:2:  layout_basic_swamp, ebering_ghost_inner_flame, nicolae_swamp_treefoil,
          uniq_louise
Snake:1:  layout_cave_pods, grunt_megastairs_3
Snake:2:  layout_misc_corridors, guppyfry_library_mini, nicolae_integral_box
Snake:3:  layout_chambers, special_room, basic_altar, nicolae_take_the_stairs
Snake:4:  minmay_snake_end_coiled, layout_misc_corridors, guppyfry_snake_island,
          uniq_vashnia, uniq_aizul, uniq_nikola
Orc:1:    layout_caves, mines4_lemuel
Orc:2:    st_orc_rangers, layout_diamond_mine, nicolae_shop_self_help

Skill      XL: |  1  2  3  4  5  6  7  8  9 10 11 12 13 14 15 16 17 18 |
---------------+-------------------------------------------------------+-----
Unarmed Combat | 1 2 3 4 5 6 7 8 9 |  9.3
Fighting       | 1 2 3 4 5 6 7 8 10 12 14 15 | 15.9
Dodging        | 3 4 5 6 8 9 11 12 13 14 15 | 15.1
Spellcasting   | 3 4 5 6 7 8 9 10 11 12 | 12.4
Hexes          | 1 2 3 5 6 7 |  7.0
Summonings     | 5 6 7 8 10 11 13 14 15 | 15.0
Air Magic      | 2 4 5 6 7 8 9 |  9.4
Translocations | 4 5 8 10 11 | 11.5
Transmutations | 3 5 6 |  6.2
Stealth        | |  2.6

Action                   |  1- 3 |  4- 6 |  7- 9 | 10-12 | 13-15 | 16-18 || total
-------------------------+-------+-------+-------+-------+-------+-------++-------
Melee: Unarmed           |    28 |    39 |    86 |    58 |     4 |    24 ||   239
       Constrict         |     7 |    10 |    24 |    30 |    43 |    11 ||   125
       Tentacles         |     7 |     4 |    25 |    39 |    71 |    29 ||   175
       Punch             |     1 |     1 |     6 |     6 |    18 |    10 ||    42
       Dagger            |       |       |       |    74 |    18 |       ||    92
       Trident           |       |       |       |    13 |    47 |    53 ||   113
       Quarterstaff      |       |       |       |       |   174 |       ||   174
 Cast: Summon Small Mamm |    43 |    26 |    29 |    18 |     5 |     1 ||   122
       Call Imp          |     3 |    10 |    13 |    14 |     4 |       ||    44
       Call Canine Famil |     2 |    19 |    35 |    45 |    46 |    55 ||   202
       Summon Guardian G |       |     2 |    28 |    42 |     5 |    13 ||    90
       Summon Lightning  |       |       |     1 |    63 |   105 |    73 ||   242
       Summon Mana Viper |       |       |       |     1 |   130 |   130 ||   261
       Summon Cactus Gia |       |       |       |       |   109 |   126 ||   235
       Swiftness         |       |       |       |       |    12 |     8 ||    20
       Blink             |       |       |       |       |     7 |     2 ||     9
       Summon Forest     |       |       |       |       |       |    36 ||    36
Invok: Potion Petition   |       |       |       |       |     4 |     5 ||     9
Evoke: Wand              |       |       |     2 |    14 |     5 |       ||    21
  Use: Scroll            |       |    11 |     9 |     3 |    20 |    11 ||    54
       Potion            |       |     2 |       |     4 |    19 |     7 ||    32
 Stab: Sleeping          |     4 |     5 |     2 |     3 |     3 |       ||    17
       Distracted        |       |       |       |     2 |     2 |     2 ||     6
       Paralysed         |       |       |       |     1 |       |       ||     1
Armor: Skin              |     3 |     6 |     7 |    11 |    15 |    11 ||    53
Dodge: Dodged            |    30 |    34 |    53 |   206 |   406 |   167 ||   896
